 Dungeon Crawl Stone Soup version 0.29-a0-2-g12fcac58f8 (webtiles) character file.

Game seed: 13590230164387002278

69 croobank the Ducker (level 4, 0/41 HPs)
             Began as a Gnoll Monk on Jan 27, 2022.
             Succumbed to an adder's poison
             ... on level 2 of the Dungeon.
             The game lasted 00:07:05 (2004 turns).

croobank the Ducker (Gnoll Monk)                    Turns: 2004, Time: 00:07:05

Health: 0/41       AC:  2    Str: 10    XL:     4   Next: 20%
Magic:  5/5        EV: 15    Int: 11    God:
Gold:   48         SH:  0    Dex: 15    Spells: 5/5 levels left

rFire   + . .      SeeInvis .   a - +0 hand axe
rCold   . . .      Faith    .   (no shield)
rNeg    . . .      Spirit   .   b - +0 robe
rPois   .          Reflect  .   (no helmet)
rElec   .          Harm     .   (no cloak)
rCorr   .          Rampage  .   (no gloves)
Will    .....                   (no boots)
Stlth   +++.......              (no amulet)
HPRegen 0.13/turn               c - ring of protection from fire
MPRegen 0.09/turn               (no ring)

@: lethally poisoned (0 -> -3), flying
A: fangs 1, strong nose, distributed training
a: no special abilities


You were on level 2 of the Dungeon.
You visited 1 branch of the dungeon, and saw 3 of its levels.

You collected 48 gold pieces.

Inventory:

Hand Weapons
 a - a +0 hand axe (weapon)
Missiles
 i - 5 boomerangs (quivered)
Armour
 b - a +0 robe (worn)
 k - a +0 leather armour
Jewellery
 c - a ring of protection from fire (left hand)
 l - a ring of protection from cold
Scrolls
 e - a scroll of magic mapping {unknown}
 f - a scroll of immolation {unknown}
 g - a scroll of amnesia
 h - a scroll of enchant armour {unknown}


   Skills:
 + Level 6.6 Fighting
 + Level 1.0 Short Blades
 + Level 1.0 Long Blades
 + Level 6.6 Axes
 + Level 1.0 Maces & Flails
 + Level 1.0 Polearms
 + Level 1.0 Staves
 + Level 1.0 Slings
 + Level 1.0 Bows
 + Level 1.0 Crossbows
 + Level 1.0 Throwing
 + Level 1.0 Armour
 + Level 6.6 Dodging
 + Level 4.2 Stealth
 + Level 1.0 Shields
 + Level 1.0 Unarmed Combat
 + Level 1.0 Spellcasting
 + Level 0.8 Conjurations
 + Level 0.8 Hexes
 + Level 0.8 Summonings
 + Level 0.8 Necromancy
 + Level 0.8 Translocations
 + Level 0.8 Transmutations
 + Level 0.8 Fire Magic
 + Level 0.8 Ice Magic
 + Level 0.8 Air Magic
 + Level 0.8 Earth Magic
 + Level 0.8 Poison Magic
 + Level 1.1 Invocations
 + Level 1.0 Evocations


You had 5 spell levels left.
You didn't know any spells.
Your spell library was empty.

Dungeon Overview and Level Annotations

Branches:
Dungeon (3/15)

Altars:


Innate Abilities, Weirdness & Mutations

You have very sharp teeth.
Your uncanny sense of smell can sniff out nearby items.
Your experience applies equally to all skills.


Message History

You are no longer poisoned.
The adder barely misses you.
You closely miss the adder.
The adder is lightly wounded.
The adder bites you but does no damage.
You hit the adder.
The adder is severely wounded.
The adder bites you.
You are poisoned.
The adder poisons you! The adder bites you.
You closely miss the adder.
The adder is severely wounded.
You feel sick. The adder bites you.
* * * LOW HITPOINT WARNING * * *
It was a potion of flight.
You feel very buoyant.
You fly up into the air.
You feel sick. The adder closely misses you.
You feel sick.
You feel sick.
You feel sick.
You are no longer poisoned.
The adder bites you.
* * * LOW HITPOINT WARNING * * *
The adder misses you.
You hit the adder but do no damage.
The adder is heavily wounded.
The adder bites you.
* * * LOW HITPOINT WARNING * * *
You are lethally poisoned!
The adder poisons you!
Blink to where?
Press: ? - help, Dir - move target
As you read the scroll labelled KAONLU VIRPHECO, it crumbles to dust.
It was a scroll of blinking.
* * * LOW HITPOINT WARNING * * *
You feel sick.
As you read the scroll labelled TASEUS JIRR, it crumbles to dust.
It is a scroll of amnesia.
You feel forgetful for a moment.
You die...

#.###....#.#
#># #....#.#
### #....#.#
######.# ∆
#S# ###.#
#...#
#.#######
#@.......
#########


You could see an adder.

Vanquished Creatures
  An adder (D:3)
  6 endoplasms
  6 giant cockroaches
  A goblin (D:1)
  5 hobgoblins (D:1)
  10 jackals
  7 kobolds (D:1)
  2 quokkas (D:1)
  2 ball pythons (D:1)
  2 bats
  4 frilled lizards (D:1)
  5 rats (D:1)
51 creatures vanquished.

Vanquished Creatures (others)
  3 fungi (D:3)
  14 plants (D:1)
17 creatures vanquished.

Grand Total: 68 creatures vanquished

Notes
Turn   | Place    | Note
-------+----------+-------------------------------------------
     0 | D:1      | croobank the Gnoll Monk began the quest for the Orb.
     0 | D:1      | Reached XP level 1. HP: 23/23 MP: 1/1
    11 | D:1      | Found a faded altar of an unknown god.
   112 | D:1      | Reached XP level 2. HP: 21/29 MP: 2/2
   511 | D:1      | Reached XP level 3. HP: 22/35 MP: 3/3
  1109 | D:1      | Reached skill level 1 in Invocations
  1538 | D:3      | Reached skill level 1 in Short Blades
  1538 | D:3      | Reached skill level 1 in Long Blades
  1538 | D:3      | Reached skill level 1 in Maces & Flails
  1538 | D:3      | Reached skill level 1 in Polearms
  1538 | D:3      | Reached skill level 1 in Staves
  1538 | D:3      | Reached skill level 1 in Slings
  1538 | D:3      | Reached skill level 1 in Bows
  1538 | D:3      | Reached skill level 1 in Crossbows
  1538 | D:3      | Reached skill level 1 in Throwing
  1538 | D:3      | Reached skill level 1 in Armour
  1538 | D:3      | Reached skill level 1 in Shields
  1538 | D:3      | Reached skill level 1 in Unarmed Combat
  1538 | D:3      | Reached skill level 1 in Spellcasting
  1538 | D:3      | Reached skill level 1 in Evocations
  1538 | D:3      | Reached XP level 4. HP: 7/41 MP: 5/5
  2002 | D:2      | HP: 2/41 [adder (3)]
  2004 | D:2      | Succumbed to an adder's poison

Illustrated notes

Levels and vault maps discovered:
D:1:      evilmike_arrival_hilbert_curve, layout_basic,
          hellmonk_ecumenical_altar_run_dry, grunt_decor_resistance,
          amethyst_killhole, minmay_misc_feat_x, lexackson_kobold_supper
D:2:      layout_basic
D:3:      layout_basic, mainiacjoe_overflow_chevrons, minitemple,
          ebering_dispersal_statue_hall

Skill      XL: |  1  2  3 |
---------------+----------+-----
Invocations    | 1 |  1.1
Short Blades   | 1 |  1.0
Long Blades    | 1 |  1.0
Maces & Flails | 1 |  1.0
Polearms       | 1 |  1.0
Staves         | 1 |  1.0
Slings         | 1 |  1.0
Bows           | 1 |  1.0
Crossbows      | 1 |  1.0
Throwing       | 1 |  1.0
Armour         | 1 |  1.0
Shields        | 1 |  1.0
Unarmed Combat | 1 |  1.0
Spellcasting   | 1 |  1.0
Evocations     | 1 |  1.0
Fighting       | |  6.6
Axes           | |  6.6
Dodging        | |  6.6
Stealth        | |  4.2
Conjurations   | |  0.8
Hexes          | |  0.8
Summonings     | |  0.8
Necromancy     | |  0.8
Translocations | |  0.8
Transmutations | |  0.8
Fire Magic     | |  0.8
Ice Magic      | |  0.8
Air Magic      | |  0.8
Earth Magic    | |  0.8
Poison Magic   | |  0.8

Action                   |  1- 3 |  4- 6 || total
-------------------------+-------+-------++-------
Melee: Hand axe          |   147 |    42 ||   189
       Bite              |     9 |     6 ||    15
       Punch             |     2 |     2 ||     4
  Use: Scroll            |       |     2 ||     2
       Potion            |       |     1 ||     1
 Stab: Sleeping          |     5 |       ||     5
Armor: Robe              |    15 |    11 ||    26
Dodge: Dodged            |   106 |    41 ||   147

Table legend: (Time is in decaauts)
 A = Elapsed time spent in this place.
 B = Non-inter-level travel time spent in this place.
 C = Inter-level travel time spent in this place.
 D = Time resting spent in this place.
 E = Time spent auto-exploring this place.
 F = Levels seen in this place.
 G = Mean time per level.
                   A        B        C        D        E       F      G
               +--------+--------+--------+--------+--------+-----+--------+
         Total |   1998 |   1955 |     43 |    570 |    796 |   3 |  666.0 |
       Dungeon |   1998 |   1955 |     43 |    570 |    796 |   3 |  666.0 |
               +--------+--------+--------+--------+--------+-----+--------+

Top non-repeatable levels by time:
     D:1: 1499 daAuts
     D:3: 325 daAuts
     D:2: 173 daAuts
